Map: Eternal Empire LE

Players

Metov

  • Race: Protoss Protoss
  • League: Platinum
  • Spawn Location: 7:00

Massa - Winner!

  • Race: Terran Terran
  • League: Platinum
  • Spawn Location: 1:00

VOD

Have the link to the VOD?

Description

Time

  • Played on: Sept. 1, 2020, 3:18 p.m.
  • Length: 31:05
Show
View Real Time Build Order
Export as new Build Order

Metov Protoss 

Build Orders: Zealot Archon 

Get SALT Encoding   

  12  0:01  Probe  
  13  0:14  Pylon  
  13  0:17  Probe  
  14  0:32  Gateway  
  14  0:35  Probe (Chrono Boost)  
  15  0:45  Probe (Chrono Boost)  
  15  0:49  Assimilator  
  16  0:50  Probe (Chrono Boost)  
  17  1:01  Probe (Chrono Boost)  
  18  1:08  Pylon  
  18  1:13  Probe (Chrono Boost)  
  19  1:20  Probe (Chrono Boost), Cybernetics Core  
  20  1:28  Probe  
  21  1:40  Probe  
  22  1:58  Adept (Chrono Boost)  
  22  1:59  Nexus  
  24  2:02  Warp Gate  
  24  2:07  Probe  
  24  2:25  Stalker (Chrono Boost)  
  26  2:34  Probe  
  26  2:35  Pylon  
  27  2:40  Assimilator  
  27  2:47  Probe  
  27  2:48  Stalker  
  30  2:59  Probe  
  31  3:18  Stalker  
  31  3:39  Probe x2, Gateway  
  31  3:40  Gateway  
  33  3:42  Pylon  
  33  3:46  Shield Battery  
  33  3:48  Stalker  
  33  3:51  Probe x2  
  37  3:58  Pylon  
  37  4:03  Probe x2  
  39  4:15  Probe x2  
  41  4:27  Stalker  
  41  4:28  Probe  
  41  4:29  Probe  
  41  4:31  Assimilator  
  45  4:34  Assimilator  
  45  4:36  Stalker x2  
  49  4:40  Probe  
  49  4:42  Shield Battery  
  50  4:46  Twilight Council  
  50  4:48  Probe  
  50  4:50  Pylon  
  50  4:51  Sentry  
  50  4:52  Probe  
  54  5:00  Probe  
  54  5:04  Probe  
  56  5:11  Stalker x2  
  56  5:12  Probe  
  61  5:16  Probe  
  62  5:22  Stalker  
  62  5:24  Probe  
  65  5:38  Blink  
  65  5:42  Probe x2  
  67  5:44  Templar Archives  
  67  5:49  Nexus  
  67  6:00  Stalker x3  
  67  6:01  Probe  
  67  6:02  Probe  
  75  6:27  High Templar  
  77  6:36  Pylon  
  77  6:38  Pylon  
  77  6:39  Pylon  
  77  6:41  Pylon  
  77  6:44  Probe  
  77  6:46  Pylon  
  78  6:48  Pylon  
  78  6:50  Pylon  
  78  6:54  Probe  
  78  6:55  Gateway  
  78  6:56  Probe  
  78  6:58  Forge  
  78  6:59  Forge  
  80  7:02  Gateway  
  80  7:03  Psionic Storm  
  80  7:06  Probe  
  81  7:21  High Templar x3  
  87  7:30  Shield Battery  
  87  7:31  Probe x3  
  87  7:32  Shield Battery  
  87  7:34  Shield Battery  
  87  7:35  Shield Battery, Archon x2, Pylon  
  90  7:47  Stargate  
  90  7:48  Protoss Shields Level 1 (Chrono Boost), Protoss Ground Armor Level 1 (Chrono Boost)  
  84  8:07  Robotics Facility  
  84  8:10  Charge (Chrono Boost), Zealot x5  
  94  8:12  Pylon  
  94  8:15  Probe x2  
  94  8:16  Probe, Pylon  
  94  8:18  Assimilator  
  97  8:21  Assimilator  
  97  8:23  Photon Cannon  
  97  8:24  Photon Cannon  
  97  8:28  Photon Cannon  
  97  8:31  Shield Battery  
  97  8:33  Shield Battery  
  97  8:35  Probe x2  
  95  8:55  Zealot  
  95  8:56  Zealot x4  
  105  9:03  Probe x3  
  105  9:06  Oracle  
  111  9:10  Observer  
  112  9:17  Photon Cannon  
  112  9:19  Photon Cannon  
  112  9:22  Pylon  
  112  9:25  Photon Cannon  
  112  9:26  Photon Cannon  
  112  9:29  Photon Cannon  
  112  9:32  Observer  
  112  9:35  Photon Cannon  
  112  9:37  Photon Cannon  
  113  9:42  Photon Cannon  
  113  9:44  Photon Cannon  
  113  9:45  Shield Battery  
  113  9:49  Shield Battery  
  113  9:53  Observer  
  114  10:04  Zealot x5  
  117  10:15  Observer  
  83  10:36  Zealot  
  83  10:37  Zealot x4, Immortal  
  83  10:46  Oracle (Chrono Boost)  
  70  10:57  Stalker x2  
  70  10:58  Stalker x3  
  72  11:21  Stalker x3  
  72  11:22  Stalker x2  
  71  11:45  Zealot x5  
  77  11:53  Observer  
  78  11:58  Nexus  
  77  12:01  Pylon  
  77  12:03  Pylon  
  72  12:16  High Templar x3  
  72  12:17  High Templar x2  
  72  12:20  Archon  
  72  12:21  Archon  
  82  12:29  Gateway  
  82  12:31  Gateway  
  82  12:33  Gateway  
  82  12:35  Pylon  
  79  12:50  Stalker x2  
  79  12:51  Stalker x2  
  85  12:52  Stalker  
  79  13:19  Zealot  
  81  13:20  Zealot x4  
  81  13:22  Probe x2  
  81  13:24  Probe  
  92  13:27  Unknown  
  92  13:33  Nexus  
  92  13:34  Probe x2  
  92  13:36  Probe  
  92  13:37  Pylon  
  92  13:38  Pylon  
  92  13:40  Pylon  
  95  13:46  Probe  
  94  13:52  Stalker x2  
  94  13:53  Stalker x4  
  94  13:54  Stalker x2  
  96  14:21  Protoss Shields Level 2, Protoss Ground Armor Level 2  
  88  14:27  Forge  
  88  14:32  Photon Cannon  
  88  14:33  Photon Cannon  
  88  14:34  Photon Cannon  
  88  14:35  Shield Battery  
  88  14:36  Shield Battery  
  88  14:39  Shield Battery  
  88  15:03  High Templar x4  
  88  15:04  High Templar x3  
  88  15:05  High Templar  
  88  15:06  Probe x3  
  107  15:29  Assimilator  
  107  15:40  Pylon, Adept x3  
  107  15:41  Adept x5  
  123  15:46  Resonating Glaives  
  123  15:48  Oracle  
  126  15:50  Immortal  
  130  16:29  Warp Prism  
  132  17:05  Immortal  
  136  17:21  Pylon x2  
  136  17:22  Pylon  
  134  17:47  Archon x3  
  134  17:48  Archon  
  78  18:17  Nexus  
  73  18:21  Photon Cannon  
  73  18:22  Photon Cannon, Stalker x3  
  73  18:23  Stalker x2  
  73  18:24  Photon Cannon  
  73  18:25  Protoss Ground Weapons Level 1 (Chrono Boost), Protoss Shields Level 3 (Chrono Boost)  
  73  18:26  Photon Cannon, Protoss Ground Armor Level 3 (Chrono Boost)  
  83  18:27  Shield Battery  
  83  18:29  Shield Battery  
  83  18:31  Gateway, Shield Battery  
  83  18:33  Shield Battery  
  83  18:37  Gateway  
  83  18:39  Gateway  
  83  18:41  Gateway  
  83  18:45  Immortal  
  83  18:46  Oracle  
  90  18:49  Gateway  
  90  18:51  Gateway  
  90  18:53  Gateway  
  88  19:13  Zealot  
  88  19:14  Zealot x4  
  98  19:24  Photon Cannon x2  
  98  19:26  Photon Cannon  
  98  19:27  Shield Battery  
  98  19:33  Photon Cannon  
  98  19:35  Photon Cannon  
  98  19:36  High Templar x3  
  98  19:37  Photon Cannon, High Templar x2  
  108  20:23  Protoss Air Weapons Level 1 (Chrono Boost)  
  108  20:29  Assimilator  
  108  20:34  Assimilator, Fleet Beacon  
  108  20:38  Stargate  
  108  20:40  Pylon, Stargate  
  105  20:45  Pylon, Stargate  
  105  20:49  Nexus  
  105  20:52  Protoss Ground Weapons Level 2 (Chrono Boost)  
  105  20:53  Pylon  
  105  20:56  Pylon  
  105  21:03  Dark Shrine  
  105  21:05  Zealot x2  
  105  21:06  Zealot x5  
  105  21:07  Zealot x5  
  129  21:20  Cybernetics Core  
  129  21:22  Carrier  
  129  21:23  Carrier  
  141  21:37  Probe, Photon Cannon x2  
  141  21:38  Probe  
  143  21:40  Photon Cannon  
  143  21:42  Photon Cannon  
  143  21:43  Photon Cannon  
  143  21:45  Shield Battery  
  143  21:47  Shield Battery  
  143  21:50  Probe  
  139  22:10  Observer  
  135  22:31  Observer  
  134  22:44  Archon x2  
  114  22:54  Dark Templar x5  
  114  22:55  Dark Templar x3  
  114  22:56  Dark Templar  
  115  23:00  Assimilator  
  107  23:16  Carrier x4  
  131  23:23  Shadow Stride  
  131  23:30  Probe  
  131  23:33  Assimilator  
  132  23:34  Nexus  
  132  23:35  Unknown  
  132  23:39  Pylon x2  
  128  23:42  Probe  
  129  23:55  Probe  
  130  24:10  Zealot x4  
  130  24:11  Zealot x5  
  130  24:12  Zealot x2  
  130  24:13  High Templar  
  142  24:28  Carrier  
  126  25:32  Stalker  
  126  25:33  Stalker x6  
  126  25:34  Stalker x5  
  130  25:45  Shield Battery  
  130  25:47  Shield Battery  
  130  25:49  Probe x4, Shield Battery  
  134  25:53  Photon Cannon  
  134  25:55  Photon Cannon  
  134  25:56  Assimilator  
  132  26:07  Observer  
  128  26:23  Protoss Air Weapons Level 2 (Chrono Boost)  
  128  26:29  Protoss Air Armor Level 1  
  80  27:30  Zealot x2  
  80  27:31  Zealot x4  
  80  27:32  Zealot x4  
  80  27:33  Zealot x2  
  80  27:35  Tempest x3  
  101  27:53  Dark Templar x2  
  101  27:56  Stalker x4  
  113  28:09  Nexus  
  113  28:10  Pylon  
  113  28:12  Pylon  
  113  28:14  Pylon  
  104  28:20  Observer  
  104  28:28  Sentry  
  104  28:29  Zealot x6  
  104  28:30  Zealot x2  
  122  28:39  Photon Cannon  
  123  28:41  Observer  
  48  29:37  Zealot x2  
  48  29:38  Zealot  
  54  29:39  Dark Templar x2  
  54  29:40  Zealot x5  
  47  30:02  High Templar x3  
Show
View Real Time Build Order
Export as new Build Order

Massa Terran - Winner!

Build Orders: Gas First Reaper Expand 

Get SALT Encoding   

  12  0:01  SCV  
  13  0:13  SCV  
  14  0:22  Supply Depot  
  14  0:25  SCV  
  15  0:30  Refinery  
  15  0:43  SCV  
  15  0:46  Barracks  
  16  0:55  SCV  
  17  1:07  Refinery, SCV  
  18  1:37  Command Center  
  18  1:39  Reaper  
  19  1:59  Supply Depot  
  19  2:03  Factory  
  19  2:11  Reaper  
  20  2:18  Orbital Command  
  20  2:44  Reaper  
  21  2:46  SCV  
  21  2:49  SCV  
  23  2:55  Hellion  
  23  2:58  SCV  
  26  3:02  SCV  
  27  3:08  Starport  
  27  3:16  Hellion  
  26  3:44  Orbital Command  
  26  3:45  SCV  
  26  3:48  Barracks Tech Lab  
  27  3:54  Supply Depot  
  27  3:55  Factory Tech Lab  
  27  3:57  Starport Tech Lab, SCV  
  28  4:03  Barracks  
  28  4:09  SCV  
  26  4:25  SCV x2  
  26  4:31  Command Center  
  28  4:35  Barracks  
  28  4:37  SCV x2, Marauder  
  32  4:46  Banshee  
  32  4:49  SCV x2  
  37  5:07  Siege Tank  
  37  5:09  Marine  
  41  5:15  Marauder  
  41  5:20  Barracks  
  43  5:25  SCV  
  43  5:26  SCV  
  43  5:27  Marine  
  45  5:36  Marauder  
  45  5:38  SCV x2  
  49  5:45  Marine  
  49  5:47  Siege Tank  
  53  5:50  SCV x2  
  53  5:51  Orbital Command  
  55  6:01  Marine  
  55  6:02  SCV x2, Marauder  
  55  6:03  Marine  
  61  6:06  Engineering Bay  
  61  6:08  Engineering Bay  
  61  6:18  Banshee  
  64  6:19  Marine  
  64  6:20  Marine  
  64  6:23  Marauder  
  68  6:26  Refinery  
  67  6:36  Marine  
  67  6:37  Siege Tank  
  69  6:46  Supply Depot x2  
  69  6:48  Supply Depot  
  69  6:51  Missile Turret  
  69  6:56  Terran Infantry Weapons Level 1, Missile Turret  
  69  7:05  Barracks Reactor  
  69  7:08  SCV x3, Marauder, Marine x2  
  76  7:11  Supply Depot  
  76  7:12  Supply Depot  
  76  7:14  Stimpack  
  76  7:21  Widow Mine  
  78  7:25  Marine x2  
  82  7:30  Marauder  
  82  7:32  Banshee  
  85  7:37  Refinery  
  85  7:39  Orbital Command  
  85  7:42  Widow Mine  
  87  7:44  Barracks Reactor  
  87  8:07  SCV x3  
  90  8:16  Terran Infantry Armor Level 1  
  90  8:19  SCV x2  
  92  8:20  Armory  
  92  8:22  Missile Turret  
  92  8:27  Missile Turret  
  92  8:31  SCV x3  
  95  8:37  Marauder, Marine x4  
  95  8:38  Marine  
  95  8:41  Siege Tank  
  105  8:43  SCV x3, Cloaking Field  
  108  8:54  Concussive Shells  
  108  8:55  SCV, Marine x2  
  109  9:00  Supply Depot  
  109  9:02  Missile Turret  
  109  9:07  Supply Depot  
  109  9:21  Marine x3  
  109  9:22  SCV x3, Marauder  
  117  9:29  Marine x2  
  119  9:32  Supply Depot  
  119  9:34  SCV x3  
  122  9:39  Refinery, Marine x3  
  125  9:49  Command Center x2  
  125  9:53  SCV x3, Marauder, Marine x2  
  125  9:55  Supply Depot x2  
  125  9:56  Supply Depot x2  
  125  9:57  Marine, Supply Depot  
  125  9:58  Supply Depot  
  133  10:17  SCV, Marauder, Marine x2  
  133  10:34  Marine  
  122  10:39  Marauder  
  105  10:52  Marine  
  105  10:53  Marine x4  
  106  11:00  Marauder  
  108  11:10  Marine  
  108  11:11  Marine x3  
  110  11:14  Combat Shield  
  110  11:18  Barracks Tech Lab  
  106  11:21  Marauder  
  108  11:27  Orbital Command  
  108  11:28  SCV x3, Marine x3  
  101  11:40  SCV x3  
  101  11:43  Marauder  
  104  11:52  SCV x3  
  107  12:04  SCV x3, Marauder  
  109  12:16  SCV  
  109  12:17  SCV x2, Marauder  
  109  12:18  Marine x4  
  109  12:21  Terran Infantry Weapons Level 2  
  109  12:22  Terran Infantry Armor Level 2  
  118  12:25  Marauder  
  118  12:26  Orbital Command  
  118  12:28  SCV  
  118  12:29  SCV x3  
  124  12:35  Marine  
  124  12:36  Marine x3  
  128  12:39  Marauder  
  128  12:40  SCV  
  128  12:41  SCV x3  
  128  12:44  Refinery  
  134  12:47  Marauder  
  134  12:48  Refinery  
  134  12:49  Command Center  
  134  12:50  Terran Vehicle And Ship Armor Level 1  
  136  12:53  SCV, Armory, Marine  
  136  12:54  Marine x3  
  141  13:00  Marauder  
  124  13:08  Marauder  
  124  13:11  Marine x2  
  124  13:12  Marine x2  
  118  13:15  Siege Tank  
  119  13:20  Factory  
  119  13:21  Marauder  
  119  13:24  Ghost Academy  
  121  13:27  Ghost Academy  
  121  13:29  Marine x2  
  121  13:30  Marauder  
  121  13:31  Marine  
  121  13:32  Marine  
  123  13:43  Marauder  
  123  13:45  SCV x5  
  123  13:47  Marine x2, Siege Tank  
  124  13:49  Marine x2  
  124  13:51  Marauder  
  123  13:57  SCV x4  
  123  13:58  SCV  
  120  14:04  Marauder, Marine  
  120  14:05  Marine  
  120  14:07  Marine x2  
  120  14:09  SCV  
  124  14:10  SCV x4  
  124  14:12  Marauder  
  125  14:20  Siege Tank  
  125  14:21  SCV  
  125  14:22  SCV x4, Marine  
  125  14:23  Marine  
  132  14:25  Marine x2  
  132  14:26  Marauder  
  132  14:30  Factory Tech Lab  
  136  14:32  Personal Cloaking  
  136  14:33  SCV, Enhanced Shockwaves  
  136  14:34  SCV, Marauder  
  140  14:40  Marine  
  140  14:41  Marine  
  139  14:46  Marine  
  139  14:52  Siege Tank  
  142  14:55  Marine  
  142  14:57  Unknown  
  142  15:00  Command Center  
  142  15:05  Marauder, Command Center  
  144  15:09  Command Center  
  144  15:12  SCV x5  
  144  15:13  Marauder  
  151  15:18  Command Center  
  151  15:20  Terran Infantry Weapons Level 3, Terran Infantry Armor Level 3  
  151  15:22  Orbital Command  
  151  15:23  Terran Vehicle And Ship Armor Level 2, Terran Vehicle Weapons Level 1  
  151  15:24  SCV x2, Siege Tank  
  151  15:25  Siege Tank  
  151  15:26  Marauder  
  161  15:31  Marine  
  161  15:32  Marine x3  
  161  15:33  Ghost  
  167  15:47  Refinery, Ghost  
  167  15:49  Marine  
  170  15:50  Marine x3  
  173  15:57  Siege Tank  
  173  16:02  Ghost  
  176  16:07  Marine  
  176  16:08  Marine x3  
  177  16:13  Planetary Fortress  
  177  16:16  Marauder  
  176  16:25  Marine x2  
  173  16:31  Ghost  
  173  16:37  Marauder  
  174  16:59  Marauder  
  176  17:02  Planetary Fortress  
  176  17:08  Planetary Fortress  
  176  17:10  Missile Turret  
  175  17:22  Command Center  
  126  18:06  Marauder  
  126  18:07  Marauder, Marine x4  
  132  18:12  SCV  
  132  18:24  Marine  
  132  18:25  SCV, Marine x3  
  137  18:28  Marauder x2  
  137  18:30  Barracks  
  137  18:34  Barracks  
  141  18:36  Barracks  
  141  18:37  SCV  
  142  18:42  Marine  
  142  18:43  Marine x3  
  142  18:47  SCV x4  
  142  18:48  SCV x2  
  152  18:49  Marauder x2  
  156  18:59  SCV x2  
  156  19:00  Marine x4  
  162  19:10  Marauder  
  162  19:11  Marauder  
  162  19:15  Planetary Fortress  
  166  19:23  Missile Turret  
  166  19:28  Missile Turret  
  166  19:29  Thor x2  
  174  19:32  Marauder x2  
  178  19:41  Marine x2  
  178  19:42  Marine x2  
  178  19:43  Missile Turret  
  182  19:47  Barracks Tech Lab x3  
  182  19:49  Missile Turret  
  182  19:52  Ghost  
  181  19:53  Ghost  
  181  19:59  Marine x4  
  185  20:04  Missile Turret  
  187  20:10  Viking  
  187  20:12  Thor  
  195  20:17  Marine x4  
  195  20:18  Missile Turret  
  199  20:21  Missile Turret  
  199  20:26  Missile Turret  
  199  20:28  Missile Turret  
  199  20:34  Marine  
  200  20:48  Missile Turret  
  200  20:57  Nuke  
  200  20:58  Nuke  
  200  21:08  Missile Turret  
  200  21:10  Ghost Academy  
  200  21:12  Ghost Academy x2  
  200  21:42  Ghost Academy  
  200  21:43  Unknown  
  151  23:01  Thor  
  151  23:02  Thor  
  116  23:15  Marauder x3, Ghost  
  116  23:16  Ghost  
  116  23:18  Marine x4  
  128  23:25  Missile Turret x2  
  128  23:27  Refinery, Missile Turret  
  128  23:29  Refinery  
  128  23:30  Hi-Sec Auto Tracking, Neosteel Armor  
  128  23:31  Terran Vehicle Weapons Level 2  
  128  23:32  Terran Vehicle And Ship Armor Level 3  
  128  23:35  Ghost x2  
  128  23:36  Marine x4, Ghost  
  138  23:44  Ghost x2, Thor x2  
  149  23:49  Viking  
  149  23:54  Marine x4  
  153  24:04  Ghost x3  
  156  24:11  Marine  
  156  24:12  Marine x3  
  156  24:13  Ghost x2  
  154  24:19  Viking  
  143  24:27  Thor x2  
  150  24:32  Ghost x2  
  150  24:33  Ghost  
  152  24:41  Marine x2  
  154  24:46  Marine  
  154  24:47  Marine x3  
  154  24:49  Viking  
  154  24:59  Ghost x2  
  158  25:01  Ghost x3  
  158  25:04  Marine  
  158  25:05  Marine x3  
  168  25:10  Thor x2  
  180  25:19  Viking  
  182  25:21  Orbital Command  
  182  25:22  Marine x4  
  187  25:28  Marauder x2  
  187  25:30  Marauder x2  
  187  25:31  Marauder  
  184  25:40  Marine x4  
  182  25:48  Terran Ship Weapons Level 1  
  182  25:49  Marine, Viking  
  182  25:50  Marauder  
  182  25:51  Marine x3  
  182  25:53  Thor  
  183  25:58  Marine x4  
  187  26:07  Marine  
  187  26:09  Marine x3  
  187  26:10  Marine  
  192  26:15  Marine  
  192  26:16  Marine x3  
  194  26:19  Medivac  
  198  26:25  Marauder  
  198  26:27  Marauder  
  196  26:45  Command Center  
  198  26:47  Marauder  
  198  26:49  Marauder, Medivac  
  187  27:19  Medivac  
  171  27:37  Marine x8  
  171  27:38  Marine  
  180  27:49  Medivac  
  182  27:55  Marine x9  
  191  28:11  Nuke x3  
  191  28:12  Nuke x2  
  191  28:13  Marine x9  
  200  28:39  Command Center  
  200  28:51  Command Center  
  169  29:35  Thor x2  
  177  30:00  Viking  
  179  30:17  Thor  
  179  30:18  Thor  
  191  30:30  Viking  
Tags
 
Add a new tag
Caveats
  • Supply blocks, unpowered buildings, or Contaminate may cause inaccurate times.
  • Supply counts are checked every 10 seconds.